 Dungeon Crawl Stone Soup version 0.22-a0-253-gf9d0ce5 (webtiles) character file.

662 ffsdgsdgsfg the Slasher (level 7, 0/57 HPs)
             Began as a Centaur Chaos Knight on Mar 3, 2018.
             Slain by an ice beast (9 damage)
             ... on level 5 of the Dungeon.
             The game lasted 00:07:30 (3562 turns).

ffsdgsdgsfg the Slasher (Centaur Chaos Knight)      Turns: 3562, Time: 00:07:32

Health: 0/57       AC:  6    Str: 15      XL:     7   Next: 30%
Magic:  7/7        EV:  9    Int: 11 (12) God:    Xom [......]
Gold:   195        SH:  0    Dex: 13      Spells: 6/6 levels left

rFire    . . .     SeeInvis .   z - +0 trident
rCold    . . .     Gourm    .   (no shield)
rNeg     . . .     Faith    .   b - +2 leather armour
rPois    .         Spirit   .   (no helmet)
rElec    .         Reflect  .   (no cloak)
rCorr    .         Harm     .   (no gloves)
MR       .....                  (no barding)
Stlth    +.........             w - amulet of regeneration
HPRegen  0.59/turn              p - +4 ring of dexterity
MPRegen  0.10/turn              (no ring)

@: slightly contaminated, very quick
A: large, hooves 3, deformed body, speed 2, tough skin 3, evolution 1, subdued
magic 1
a: Renounce Religion


You were on level 5 of the Dungeon.
You worshipped Xom.
You were a very special plaything of Xom.
You were not hungry.

You visited 1 branch of the dungeon, and saw 5 of its levels.
You also visited: Sewer.

You collected 195 gold pieces.

Inventory:

Hand Weapons
 a - a +0 falchion of chaos
 j - a +0 spear of pain
 z - a +0 trident (weapon)
 A - a -1 quarterstaff
 F - a +0 shortbow
Missiles
 o - 38 poisoned needles
 D - 5 needles of sleeping
 G - 18 arrows
Armour
 b - a +2 leather armour (worn)
 C - a +0 plate armour
Jewellery
 p - a +4 ring of dexterity (left hand)
 w - an amulet of regeneration (around neck)
Wands
 y - a wand of paralysis (12)
Scrolls
 d - a scroll of amnesia {unknown}
 f - 9 scrolls of identify
 g - 2 scrolls of remove curse
 h - 3 scrolls of teleportation {unknown}
 n - a scroll of enchant weapon {unknown}
 r - a scroll of magic mapping {unknown}
 u - 2 scrolls of immolation {unknown}
 v - a scroll of blinking {unknown}
 x - 3 scrolls of fog {unknown}
 E - a scroll of noise {unknown}
Potions
 e - a potion of curing
 i - 3 potions of flight {unknown}
 k - 3 potions of haste {unknown}
 l - 2 potions of degeneration {unknown}
 m - a potion of might {unknown}
 q - 2 potions of heal wounds
 s - a potion of invisibility {unknown}
 t - 3 potions of cancellation {unknown}
Comestibles
 c - 10 rations
 B - 6 chunks of flesh


   Skills:
 - Level 3.0 Fighting
 - Level 6.2 Long Blades
 + Level 4.5 Polearms
 - Level 1.3 Armour
 - Level 0.6 Dodging


You had 6 spell levels left.
You didn't know any spells.

Dungeon Overview and Level Annotations

Branches:
Dungeon (5/15)
 Temple: D:4-7

Altars:

Shops:
D:4 }


Innate Abilities, Weirdness & Mutations

You have hooves in place of feet.
Armour fits poorly on your strangely shaped body.
You cover ground very quickly.
You have extremely tough skin. (AC +3)
You evolve.
Your spells are a little easier to cast, but a little less powerful.


Message History

The ice beast is lightly wounded.
The ice beast hits you but does no damage.
Your body shudders with the violent release of wild energies!
You feel nature experimenting on you.
Don't worry, failures die fast.
You feel less contaminated with magical energies.
You closely miss the ice beast.
The ice beast is lightly wounded.
The ice beast hits you. The ice beast freezes you!
The ice beast closely misses you.
You puncture the ice beast!
The ice beast is heavily wounded.
The ice beast hits you. The ice beast freezes you!
* * * LOW HITPOINT WARNING * * *
You hit the ice beast.
The ice beast is heavily wounded.
The ice beast hits you.
* * * LOW HITPOINT WARNING * * *
The ice beast freezes you!
You die...
Xom cackles wildly!

####'####
#≈≈≈.≈≈≈#
#≈.....≈#
#≈.♣⌠♣.≈#
#≈.♣♣♣.≈#
#≈(♣⌠♣.≈#
#≈.....≈#
#≈≈≈.≈≈≈#
####@####
#.Y#
.....
#######


You could see an ice beast.

Vanquished Creatures
  An ogre (D:4)
  A centaur (D:5)
  A big kobold (Sewer)
  2 crimson imps (D:5)
  A hound (D:4)
  2 centaur skeletons
  An iguana (D:4)
  3 worker ants (D:4)
  3 river rats (Sewer)
  7 adders
  2 adder skeletons (D:4)
  3 worms
  2 dart slugs (D:2)
  2 leopard geckos
  2 orcs
  2 ball pythons
  4 bats
  2 giant cockroaches (D:4)
  7 goblins
  5 hobgoblins
  10 jackals
  A quokka (D:3)
  6 frilled lizards
  A jackal skeleton (D:4)
  7 kobolds
  A leopard gecko skeleton (D:5)
  10 rats
89 creatures vanquished.

Vanquished Creatures (others)
  A fire vortex (D:4)
1 creature vanquished.

Grand Total: 90 creatures vanquished

Notes
Turn   | Place    | Note
-------+----------+-------------------------------------------
     0 | D:1      | ffsdgsdgsfg the Centaur Chaos Knight began the quest for the Orb.
     0 | D:1      | Reached XP level 1. HP: 19/19 MP: 1/1
    84 | D:1      | Reached skill level 3 in Long Blades
   105 | D:1      | Reached XP level 2. HP: 25/26 MP: 2/2
   105 | D:1      | XOM: divination: detect items
   510 | D:2      | Reached XP level 3. HP: 11/31 MP: 3/3
   577 | D:2      | XOM: harmless Erth miscast
   816 | D:2      | Reached skill level 4 in Long Blades
  1281 | D:3      | Reached XP level 4. HP: 38/38 MP: 4/4
  1411 | D:3      | Found a glowing drain.
  1415 | D:3      | Reached skill level 5 in Long Blades
  1424 | Sewer    | Entered a sewer
  1444 | Sewer    | Reached XP level 5. HP: 23/45 MP: 5/5
  1678 | Sewer    | XOM: harmless Necr miscast
  1873 | Sewer    | Found a white marble altar of Elyvilon.
  1973 | D:3      | Reached skill level 6 in Long Blades
  2580 | D:4      | Reached XP level 6. HP: 46/51 MP: 6/6
  2735 | D:4      | XOM: cloud trail
  2764 | D:4      | Reached skill level 1 in Polearms
  2952 | D:4      | Found Gatosech's Gadget Shop.
  2982 | D:4      | XOM: mild Fire miscast
  3101 | D:4      | XOM: harmless Fire miscast
  3179 | D:4      | XOM: mild Hex miscast
  3290 | D:4      | XOM: medium Ice miscast
  3310 | D:4      | Reached XP level 7. HP: 23/57 MP: 7/7
  3343 | D:4      | XOM: harmless Hex miscast
  3474 | D:5      | Entered Level 5 of the Dungeon
  3511 | D:5      | XOM: harmless Pois miscast
  3527 | D:5      | XOM: severe Tloc miscast
  3534 | D:5      | Gained mutation: Your spells are a little easier to cast, but a little less powerful. [mutagenic glow]
  3537 | D:5      | XOM: stat loss: -1 Int (11/12)
  3559 | D:5      | Gained mutation: You evolve. [mutagenic glow]
  3562 | D:5      | Slain by an ice beast

Vault maps used:
D:1:      minmay_arrival_stair_chambers
D:2:      first_ration, minmay_misc_feat_tower, minmay_misc_feat_square
D:3:      portal_sewer_entry_d, kennysheep_potato
D:4:      serial_shops, shop, grunt_decor_arrowhead
D:5:      serial_shops, nicolae_shop_trees, kennysheep_generic_room_11,
          uniq_crazy_yiuf_cottage
Sewer:    sewer_kobolds

Skill      XL: |  1  2  3  4  5  6  7 |
---------------+----------------------+-----
Long Blades    | 3 4 5 6 |  6.2
Polearms       | 3 4 |  4.5
Fighting       | |  3.0
Armour         | |  1.3
Dodging        | |  0.6

Action                   |  1- 3 |  4- 6 |  7- 9 || total
-------------------------+-------+-------+-------++-------
Melee: Falchion          |    82 |   112 |       ||   194
       Kick              |    13 |    37 |    12 ||    62
       Trident           |       |    64 |    34 ||    98
Evoke: Wand              |       |     5 |       ||     5
  Use: Potion            |       |     2 |       ||     2
       Scroll            |       |     2 |       ||     2
 Stab: Confused          |       |     1 |       ||     1
       Paralysed         |       |     8 |       ||     8
  Eat: Chunk             |       |     6 |     1 ||     7
Armor: Leather armour    |    34 |    60 |     7 ||   101
       Skin              |       |     2 |       ||     2
Dodge: Dodged            |    35 |    84 |     8 ||   127
       Rpst.: Falchion   |    13 |    15 |       ||    28

Table legend:
 A = Spawn XP
 B = Non-spawn XP
 C = Spawn XP percentage of total XP
 D = Spawn monster count
 E = Non-spawn monster count
 F = Spawn count percentage of total count
 G = Total turns spent on level
                    A         B        C        D         E        F      G
               +---------+---------+-------+---------+---------+-------+---------
         Total |       0 |     947 |   0.0 |       0 |      89 |   0.0 |  3562
               +---------+---------+-------+---------+---------+-------+---------
           D:1 |       0 |      22 |   0.0 |       0 |      12 |   0.0 |   334
           D:2 |       0 |      62 |   0.0 |       0 |      19 |   0.0 |   924
           D:3 |       0 |     111 |   0.0 |       0 |      22 |   0.0 |   803
           D:4 |       0 |     388 |   0.0 |       0 |      20 |   0.0 |   920
           D:5 |       0 |     214 |   0.0 |       0 |       5 |   0.0 |    88
         Sewer |       0 |     150 |   0.0 |       0 |      11 |   0.0 |   493
               +---------+---------+-------+---------+---------+-------+---------
